 Dungeon Crawl Stone Soup version 0.25.1-2-g60ff931df9 (webtiles) character file.

Game seed: 10885008944849679556

29070 KyoPewz the Bludgeoner (level 13, -4/145 HPs)
             Began as an Ogre Berserker on Oct 4, 2020.
             Was a Priest of Trog.
             Slain by a seven-headed hydra (7 damage)
             ... on level 3 of the Lair of Beasts.
             The game lasted 00:40:13 (17659 turns).

KyoPewz the Bludgeoner (Ogre Berserker)            Turns: 17659, Time: 00:40:14

Health: -4/145     AC: 10    Str: 25    XL:     13   Next: 42%
Magic:  13/13      EV: 10    Int:  8    God:    Trog [***...]
Gold:   672        SH:  5    Dex: 11    Spells: 12/12 levels left

rFire    . . .     SeeInvis .   c - +3 great mace (flame)
rCold    + . .     Gourm    .   (shield currently unavailable)
rNeg     . . .     Faith    .   E - +0 steam dragon scales
rPois    .         Spirit   .   J - +2 hat
rElec    .         Reflect  +   r - +0 cloak
rCorr    .         Harm     .   (gloves unavailable)
MR       +++..                  (boots unavailable)
Stlth    +.........             j - amulet of reflection
HPRegen  1.34/turn              o - ring of protection from cold
MPRegen  0.13/turn              (no ring)

@: lethally poisoned (-4 -> -6), berserk cooldown, starving, regenerating,
slowed, very slow
A: large, unfitting armour, tough skin 1
a: Berserk, Trog's Hand, Renounce Religion


You were on level 3 of the Lair of Beasts.
You worshipped Trog.
Trog was most pleased with you.
You were starving.

You visited 2 branches of the dungeon, and saw 12 of its levels.
You also visited: Ossuary and Volcano.

You collected 736 gold pieces.
You spent 64 gold pieces at shops.

Inventory:

Hand Weapons
 a - the +8 mace of Roosok Vote {flame, MR+ Str+3 Int+3}
   (You took it off a crimson imp on level 7 of the Dungeon)

   It has been specially enchanted to burn those struck by it, causing extra
   injury to most foes and up to half again as much damage against particularly
   susceptible opponents.
   It affects your strength (+3).
   It affects your intelligence (+3).
   It affects your resistance to hostile enchantments.
 b - a +2 dire flail of freezing
   (You took it off a wight on level 6 of the Dungeon)
 c - a +3 great mace of flaming (weapon)
   (Trog gifted it to you on level 9 of the Dungeon)
 m - a +0 giant club
   (You took it off an ogre on level 7 of the Dungeon)
 y - a +2 flail of holy wrath
   (You took it off an orc on level 6 of the Dungeon)
 G - a +2 demon whip of flaming
   (You found it in a volcano)
 K - a +0 giant spiked club
   (You took it off an ogre on level 8 of the Dungeon)
Armour
 p - a +2 robe of fire resistance
   (You took it off Sigmund on level 3 of the Dungeon)
 r - a +0 cloak (worn)
   (You took it off Maurice on level 8 of the Dungeon)
 E - +0 steam dragon scales (worn)
   (You took it off Maggie on level 7 of the Dungeon)
 J - a +2 hat (worn)
   (You took it off Gastronok on level 8 of the Dungeon)
Jewellery
 j - an amulet of reflection (around neck)
   (You found it on level 2 of the Dungeon)
 n - an uncursed amulet of guardian spirit
   (You found it on level 7 of the Dungeon)
 o - a ring of protection from cold (left hand)
   (You found it on level 4 of the Dungeon)
 v - an uncursed amulet of the acrobat
   (You found it in an ossuary)
 L - an uncursed amulet of magic regeneration {unknown}
   (You found it on level 2 of the Lair of Beasts)
 O - an uncursed ring of see invisible {unknown}
   (You found it on level 3 of the Lair of Beasts)
Wands
 t - a wand of flame (17)
   (You found it on level 6 of the Dungeon)
 u - a wand of paralysis (20)
   (You found it on level 6 of the Dungeon)
Scrolls
 f - 10 scrolls of remove curse {@r2}
 l - a scroll of magic mapping
 s - a scroll of enchant weapon
 w - 2 scrolls of blinking {unknown}
 D - 2 scrolls of immolation {!r}
 H - 2 scrolls of fear {unknown}
 M - a scroll of silence {unknown}
 N - a scroll of fog
 P - a scroll of identify {@r1}
Potions
 d - 3 potions of cancellation
 g - a potion of might {unknown}
 i - 5 potions of haste {@q3}
 k - a potion of heal wounds {unknown}
 q - 2 potions of curing {@q1}
 x - a potion of magic
 z - 4 potions of flight
 A - a potion of resistance {unknown}
 C - a potion of lignification {!q}
 F - a potion of berserk rage
 I - a potion of mutation {unknown}
Comestibles
 e - 13 rations {!d}


   Skills:
 + Level 13.8 Fighting
 * Level 16.3 Maces & Flails
 - Level 7.0 Armour
 - Level 2.6 Dodging


You had 12 spell levels left.
You didn't know any spells.
Your spell library was empty.

Dungeon Overview and Level Annotations

Branches:
Dungeon (9/15)             Temple (0/1) D:7            Lair (3/6) D:9
Ossuary (visited)         Volcano (visited)
  Swamp: Lair:2-4    Shoals: Lair:2-4     Snake: Lair:2-4    Spider: Lair:2-4
    Orc: D:9-12

Altars:
Ashenzari
Dithmenos
Elyvilon
Fedhas
Nemelex Xobeh
Okawaru
Qazlal
Ru
Vehumet
Xom
Yredelemnul
Zin
The Shining One

Shops:
D:7 =   D:8 ?

Annotations:
Lair:2 exclusion: 2 oklob plants


Innate Abilities, Weirdness & Mutations

You are too large for most types of armour.
You have tough skin. (AC +1)


Message History

The killer bee stings you!
* * * LOW HITPOINT WARNING * * *
The killer bee stings you.
* * * LOW HITPOINT WARNING * * *
You are poisoned.
The killer bee poisons you! The killer bee stings you.
* * * LOW HITPOINT WARNING * * *
You are more poisoned.
The killer bee poisons you! The killer bee closely misses you.
The killer bee stings you.
* * * LOW HITPOINT WARNING * * *
You are more poisoned.
The killer bee poisons you! You block the killer bee's attack.
The killer bee barely misses you.
The killer bee stings you but does no damage.
The killer bee stings you.
* * * LOW HITPOINT WARNING * * *
You are more poisoned.
The killer bee poisons you!
The killer bee stings you but does no damage. x2
The killer bee barely misses you. You block the killer bee's attack.
Your skin crawls.
You feel resistant to hostile enchantments.
You are starving!
You can no longer call in reinforcements.
Your surroundings suddenly seem different.
You feel very sick.
A killer bee comes into view.
The killer bee buzzes angrily.
A komodo dragon comes into view.
The komodo dragon hisses angrily.
A killer bee comes into view.
A crocodile comes into view.
Found 17 gold pieces.
Really walk into that teleport trap?
You enter a teleport trap!
The teleport trap disappears.
Your surroundings suddenly seem different.
A seven-headed hydra comes into view.
You feel very sick.
The seven-headed hydra roars!
The seven-headed hydra bites you but does no damage. x2
The seven-headed hydra barely misses you.
The seven-headed hydra bites you!
* * * LOW HITPOINT WARNING * * *
The seven-headed hydra bites you!
* * * LOW HITPOINT WARNING * * *
The seven-headed hydra bites you but does no damage.
You block the seven-headed hydra's attack.
The seven-headed hydra bites you!
You die...

#####
.######...##.##
.......@.......
##.#P..#D......
#### .......
....... #......
.###.........P.
..........P .P..
........#.......
........#.#.....


You could see a seven-headed hydra.

Vanquished Creatures
  A hydra (Lair:2)
  A hell knight (Volcano)
  A sun demon (Volcano)
  2 ugly things
  5 elephants (Lair:2)
  Maurice (D:8)
  Maggie (D:7)
  8 spiny frogs
  2 komodo dragons
  A red devil (Volcano)
  5 blink frogs (Lair:2)
  A hornet (D:8)
  4 hippogriffs
  Grinder (D:3)
  Sigmund (D:3)
  A spriggan (D:7)
  2 wyverns (Lair:3)
  13 yaks
  7 water moccasins
  4 porcupines
  2 hell hounds (Volcano)
  2 orc warriors
  A sky beast (D:5)
  3 ice beasts
  A phantom (D:8)
  4 ogres
  6 wolves (Lair:2)
  A necrophage (D:8)
  5 crocodiles
  3 centaurs
  7 bullfrogs
  A gnoll sergeant (D:8)
  3 scorpions
  39 killer bees
  3 wights (D:6)
  4 crimson imps
  2 bullfrog zombies
  A quasit (D:7)
  5 orc priests
  A centaur skeleton (D:3)
  2 jellies
  4 hounds
  2 centaur zombies (Ossuary)
  12 orc wizards
  Terence (D:2)
  3 iguanas
  2 worker ants
  Natasha (thrice) (D:2)
  3 hound zombies
  2 howler monkey zombies
  16 mummies
  A worker ant zombie (Ossuary)
  Robin (D:3)
  14 adders
  13 gnolls
  2 shadow imps
  An ooze (D:1)
  3 adder zombies
  2 adder skeletons
  5 dart slugs
  4 leopard geckos
  30 orcs
  A ball python (D:3)
  9 bats
  6 giant cockroaches
  19 goblins
  8 hobgoblins
  21 jackals
  2 kobolds
  A quokka (D:7)
  5 frilled lizards
  A jackal zombie (Ossuary)
  2 kobold zombies (D:6)
  A leopard gecko skeleton (D:5)
  A leopard gecko zombie (Ossuary)
  9 rats
  A butterfly (D:6)
369 creatures vanquished.

Vanquished Creatures (collateral kills)
  Gastronok (D:8)
  2 ugly things (Volcano)
  An oklob plant (Lair:2)
  An orc warrior (D:8)
  3 killer bees (Lair:3)
  An orc (D:8)
9 creatures vanquished.

Vanquished Creatures (others)
  3 fungi (Lair:3)
  5 plants
  2 withered plants (Ossuary)
10 creatures vanquished.

Grand Total: 388 creatures vanquished

Notes
Turn   | Place    | Note
-------+----------+-------------------------------------------
     0 | D:1      | KyoPewz the Ogre Berserker began the quest for the Orb.
     0 | D:1      | Reached XP level 1. HP: 24/24 MP: 1/1
    50 | D:1      | Reached skill level 3 in Maces & Flails
    73 | D:1      | Reached XP level 2. HP: 28/32 MP: 2/2
   448 | D:1      | Found a sparkling altar of Nemelex Xobeh.
   535 | D:1      | Reached XP level 3. HP: 40/40 MP: 3/3
   980 | D:2      | Reached ** piety under Trog
  1193 | D:2      | Reached XP level 4. HP: 22/49 MP: 4/4
  1620 | D:2      | Noticed Terence
  1627 | D:2      | Killed Terence
  1627 | D:2      | Reached skill level 5 in Fighting
  1627 | D:2      | Reached skill level 4 in Maces & Flails
  2209 | D:2      | Reached XP level 5. HP: 57/57 MP: 5/5
  2383 | D:2      | Noticed Natasha
  2393 | D:2      | Killed Natasha
  2552 | D:2      | Found a radiant altar of Vehumet.
  2555 | D:2      | Found a glowing silver altar of Zin.
  2558 | D:2      | Found a shadowy altar of Dithmenos.
  2565 | D:2      | Found a glowing silver altar of Zin.
  2626 | D:2      | Noticed Natasha
  2633 | D:2      | Killed Natasha
  2639 | D:2      | Noticed Natasha
  2647 | D:2      | Killed Natasha
  3147 | D:3      | Reached skill level 5 in Maces & Flails
  3170 | D:3      | Noticed Sigmund
  3180 | D:3      | Killed Sigmund
  3180 | D:3      | Reached XP level 6. HP: 68/68 MP: 6/6
  3550 | D:3      | Reached XP level 7. HP: 76/76 MP: 7/7
  3687 | D:3      | Noticed Robin
  3700 | D:3      | Killed Robin
  3700 | D:3      | Reached skill level 6 in Maces & Flails
  3706 | D:3      | Reached *** piety under Trog
  4008 | D:3      | Noticed Grinder
  4018 | D:3      | Killed Grinder
  4862 | D:4      | Reached skill level 7 in Maces & Flails
  5259 | D:5      | Entered Level 5 of the Dungeon
  5303 | D:5      | Reached XP level 8. HP: 81/88 MP: 8/8
  5908 | D:5      | Reached skill level 8 in Maces & Flails
  6106 | D:5      | Found a sparkling altar of Nemelex Xobeh.
  6213 | D:5      | Found an iron altar of Okawaru.
  6892 | D:6      | Found a shimmering altar of Xom.
  6907 | D:6      | Found a sand-covered staircase.
  6920 | Ossuary  | Entered an ossuary
  6992 | Ossuary  | Reached **** piety under Trog
  7077 | Ossuary  | Reached XP level 9. HP: 72/98 MP: 9/9
  7199 | Ossuary  | Reached skill level 9 in Maces & Flails
  8422 | D:6      | Reached skill level 10 in Fighting
  8685 | D:7      | Reached skill level 13 in Maces & Flails
  8685 | D:7      | Reached XP level 10. HP: 110/110 MP: 10/10
  8687 | D:7      | Reached XP level 11. HP: 117/117 MP: 11/11
  8756 | D:7      | Reached ***** piety under Trog
  8949 | D:7      | Found a staircase to the Ecumenical Temple.
  9074 | D:7      | Noticed Maggie
  9089 | D:7      | Killed Maggie
  9200 | D:7      | Found a sparkling altar of Nemelex Xobeh.
  9268 | D:7      | Identified the +8 mace of Roosok Vote {flame, MR+ Str+3
                  | Int+3}
  9344 | D:7      | Found Byeduqer's Jewellery Boutique.
  9831 | D:8      | Reached skill level 14 in Maces & Flails
  9876 | D:8      | Noticed Gastronok
  9890 | D:8      | Killed Gastronok
  9897 | D:8      | Found a blossoming altar of Fedhas.
  9909 | D:8      | Found a basalt altar of Yredelemnul.
  9909 | D:8      | Found a glowing golden altar of the Shining One.
  9935 | D:8      | Found a white marble altar of Elyvilon.
  9935 | D:8      | Found a shattered altar of Ashenzari.
 10037 | D:8      | Reached XP level 12. HP: 102/130 MP: 12/12
 10320 | D:8      | Found a sacrificial altar of Ru.
 10474 | D:8      | Found a stormy altar of Qazlal.
 10525 | D:8      | Found Todilu's Magic Scroll Shop.
 10532 | D:8      | Bought a scroll of identify for 32 gold pieces
 10532 | D:8      | Bought a scroll of identify for 32 gold pieces
 10652 | D:9      | Found a staircase to the Lair.
 10706 | D:9      | Received a gift from Trog
 11459 | D:8      | Noticed Maurice
 11462 | D:8      | Killed Maurice
 11689 | Lair:1   | Entered Level 1 of the Lair of Beasts
 11792 | Lair:1   | Found a dark tunnel.
 11969 | Volcano  | Entered a volcano
 12016 | Volcano  | Noticed a hell knight
 12027 | Volcano  | Killed a hell knight
 12029 | Volcano  | Reached skill level 15 in Maces & Flails
 12239 | Volcano  | Noticed a sun demon
 12244 | Volcano  | Killed a sun demon
 14109 | Lair:2   | HP: 5/136 [blink frog (12)]
 14116 | Lair:2   | Reached XP level 13. HP: 10/144 MP: 13/13
 16167 | Lair:3   | Reached skill level 16 in Maces & Flails
 17659 | Lair:3   | HP: 3/145 [seven-headed hydra (8)]
 17659 | Lair:3   | Slain by a seven-headed hydra

Illustrated notes

Levels and vault maps discovered:
D:1:      elethiomel_arrival_infinity_welcomes_careful_drivers, layout_basic,
          nemelex_xobeh_ov_fountains_minmay
D:2:      minmay_diamond_boxcup, layout_loops_ring,
          grunt_temple_overflow_diamond, first_ration, minmay_door_square,
          uniq_terence, uniq_natasha
D:3:      layout_basic, serial_glass, glass_columns_a, glass_columns_b,
          minmay_strange_pillars, minmay_strange_pillars,
          minmay_strange_pillars, uniq_sigmund, uniq_robin, uniq_grinder
D:4:      layout_cave_pools, abandoned_shop
D:5:      layout_basic, okawaru_metal_pillars_1_2, nemelex_lonely_heart_becter
D:6:      minmay_flawed_box, layout_loops_ring, xom_butterflies,
          nicolae_ossuary_entry_giza
D:7:      layout_basic, nicolae_overflow_crystal_walls,
          minmay_temple_entry_ruins, serial_shops, nicolae_shop_crystal,
          the_bakery, uniq_maggie
D:8:      layout_cave_pools, nicolae_ru_the_path_less_chosen,
          nicolae_overflow_hidden_temple,
          chequers_temple_overflow_statue_of_worship, serial_shops, shop,
          basic_altar, uniq_maurice, uniq_gastronok
D:9:      layout_long_grid, dpeg_oklobed_lair
Lair:1:   layout_layer_cave, enter_volcano_1, grunt_forest_stairs_basic,
          grunt_megastairs_2
Lair:2:   layout_small_grid, minmay_lair_oklob_chamber, serial_bayou_shore_b
Lair:3:   wad_woods_minihive, layout_chaotic_city, skrybe_swamp_entry_bodies,
          dummy_snake_entry, basic_altar, st_stairs_9, uniq_urug

Skill      XL: |  1  2  3  4  5  6  7  8  9 10 11 12 13 |
---------------+----------------------------------------+-----
Maces & Flails | 3 4 5 7 8 13 14 15 16 | 16.3
Fighting       | 5 6 7 9 10 11 13 | 13.8
Armour         | 7 |  7.0
Dodging        | |  2.6

Action                   |  1- 3 |  4- 6 |  7- 9 | 10-12 | 13-15 || total
-------------------------+-------+-------+-------+-------+-------++-------
Melee: Mace              |   100 |    11 |       |   146 |       ||   257
       Flail             |       |   119 |   365 |       |       ||   484
       Dire flail        |       |       |    29 |    81 |       ||   110
       Giant club        |       |       |       |    11 |       ||    11
       Great mace        |       |       |       |   146 |   191 ||   337
Invok: Berserk           |     3 |     7 |     7 |     9 |     3 ||    29
       Trog's Hand       |       |     3 |     1 |     9 |     4 ||    17
       Brothers in Arms  |       |       |       |     3 |     3 ||     6
  Use: Scroll            |       |       |    17 |     6 |     1 ||    24
       Potion            |       |       |     1 |     3 |     5 ||     9
 Stab: Sleeping          |     1 |     1 |     1 |       |       ||     3
       Distracted        |       |       |     1 |       |       ||     1
  Eat: Chunk             |     3 |    17 |    13 |    21 |     9 ||    63
       Ration            |       |       |     3 |     2 |     2 ||     7
Armor: Animal skin       |    37 |    20 |       |       |       ||    57
       Robe              |       |     6 |    94 |    35 |     1 ||   136
       Steam dragon scal |       |       |       |    39 |   144 ||   183
Dodge: Dodged            |    66 |    72 |   161 |   131 |   187 ||   617
Block: Other             |       |       |    59 |    81 |    87 ||   227
       Reflection        |       |       |     1 |     7 |     1 ||     9
